 Dungeon Crawl Stone Soup version 0.28-a0-381-g937acc2988 (webtiles) character file.

Game seed: 3701460034894542752

124 Shayle the Insei (level 5, -2/40 HPs)
             Began as a Djinni Warper on Sept 2, 2021.
             Slain by an iguana (8 damage)
             ... on level 4 of the Dungeon.
             The game lasted 00:07:16 (2943 turns).

Shayle the Insei (Djinni Warper)                    Turns: 2943, Time: 00:07:17

Health: -2/40      AC:  5    Str: 10    XL:     5   Next: 30%
Gold:   134        EV: 11    Int: 16    God:
                   SH:  3    Dex: 12

rFire   + + .      SeeInvis .     - Unarmed
rCold   x . .      Faith    .   n - +0 buckler
rNeg    . . .      Spirit   .   a - +0 leather armour
rPois   ∞          Reflect  .   j - +0 helmet
rElec   .          Harm     .   (no cloak)
rCorr   .          Rampage  .   f - +0 pair of gloves
Will    .....                   (boots unavailable)
Stlth   +.........              (no amulet)
HPRegen 0.13/turn               (no ring)
MPRegen 0.00/turn               (no ring)

@: flying
A: sickness immunity, fire resistance 2, cold vulnerability 1, float, innate
caster, hp casting, extra vitality 1
a: no special abilities


You were on level 4 of the Dungeon.
You visited 1 branch of the dungeon, and saw 4 of its levels.

You collected 134 gold pieces.

Inventory:

Hand Weapons
 l - a +1 hunting sling of freezing
Missiles
 c - 5 boomerangs of dispersal (quivered)
Armour
 a - a +0 leather armour (worn)
 f - a +0 pair of gloves (worn)
 j - a +0 helmet (worn)
 n - a +0 buckler (worn)
Scrolls
 b - a scroll of blinking
 e - a scroll of magic mapping
 m - a scroll of identify
 p - a scroll of enchant armour {unknown}
Potions
 d - a potion of lignification {unknown}
 g - 2 potions of brilliance {unknown}
 h - a potion of curing
 i - a potion of invisibility {unknown}
 k - a potion of haste {unknown}
 o - 2 potions of degeneration {unknown}


   Skills:
 + Level 2.9 Fighting
 - Level 0.7 Throwing
 - Level 1.0 Armour
 + Level 3.2 Dodging
 + Level 1.0 Shields
 * Level 3.7 Unarmed Combat
 - Level 2.4 Spellcasting


You couldn't memorise any spells.
You knew the following spells:

 Your Spells              Type           Power      Damage    Failure   Level
a - Blink                 Tloc           N/A        N/A       22%         2
b - Lesser Beckoning      Tloc           9%         N/A       41%         3
c - Gell's Gravitas       Tloc           4%         N/A       41%         3
d - Teleport Other        Tloc           9%         N/A       41%         3
e - Manifold Assault      Tloc           9%         N/A       99%         5
f - Shock                 Conj/Air       36%        1d5       14%         1
g - Searing Ray           Conj           18%        3d3       22%         2
Your spell library was empty.

Dungeon Overview and Level Annotations

Branches:
Dungeon (4/15)
 Temple: D:4-7

Altars:
Ashenzari
Hepliaklqana
Xom

Shops:
D:1 (   D:4 [


Innate Abilities, Weirdness & Mutations

You are immune to sickness and miasma.
You are immune to poison.
Your flesh is very heat resistant. (rF++)
You are vulnerable to cold. (rC-)
You float through the air rather than walking.
You learn spells naturally, not from books.
Your magical power is your life essence.
You have superior vitality. (+4 HP)


Message History

Unknown command.
The iguana bites you.
* * * LOW HITPOINT WARNING * * *
Unknown command.
You hit the iguana but do no damage.
The iguana is moderately wounded.
The iguana closely misses you.
You hit the iguana but do no damage.
The iguana is moderately wounded.
The iguana closely misses you.
You feel better. The iguana closely misses you.
You hit the iguana but do no damage.
The iguana is moderately wounded.
The iguana completely misses you.
You hit the iguana.
The iguana is heavily wounded.
The iguana closely misses you.
You hit the iguana.
The iguana is severely wounded.
The iguana closely misses you.
You hit the iguana.
The iguana is almost dead.
You block the iguana's attack.
You barely miss the iguana.
The iguana is almost dead.
You block the iguana's attack.
You hit the iguana but do no damage.
The iguana is almost dead.
The iguana bites you.
* * * LOW HITPOINT WARNING * * *
You closely miss the iguana.
The iguana is almost dead.
You barely miss the iguana.
The iguana is almost dead.
The iguana bites you.
* * * LOW HITPOINT WARNING * * *
You hit the iguana.
The iguana is almost dead.
The iguana bites you!
You die...

##.## +#...#+
######.$...####
..............
#...........#
#....#....# # #.
#..l....# #. #.#
+..@....+ .##.#
##.......# .#.#
#....#....# # ##..#
#..##+##..# ##. ...#
#.## .# ..
#.####.####### #
########.............
.........#.##.#.##...
########.#.##...#


You could see an iguana.

Vanquished Creatures
  An orc wizard (D:4)
  3 gnolls (D:4)
  An adder (D:3)
  2 worms
  2 dart slugs
  4 orcs
  7 ball pythons
  2 endoplasms (D:3)
  6 goblins
  7 hobgoblins
  3 jackals
  2 quokkas (D:1)
  3 bats
  2 frilled lizards
  5 rats
50 creatures vanquished.

Notes
Turn   | Place    | Note
-------+----------+-------------------------------------------
     0 | D:1      | Shayle the Djinni Warper began the quest for the Orb.
     0 | D:1      | Reached XP level 1. HP: 18/18 MP: 0/0
   323 | D:1      | Reached XP level 2. HP: 23/23 MP: 0/0
   369 | D:1      | Found a faded altar of an unknown god.
   696 | D:1      | Found Niept's Antique Weapon Shop.
   930 | D:1      | Reached XP level 3. HP: 26/29 MP: 0/0
   930 | D:1      | Learned a level 1 spell: Shock
  1600 | D:2      | Noticed a phantom
  1743 | D:3      | Reached XP level 4. HP: 19/34 MP: 0/0
  2159 | D:3      | Found a broken altar of Ashenzari.
  2306 | D:3      | Found a hazy altar of Hepliaklqana.
  2307 | D:3      | Found a shimmering altar of Xom.
  2308 | D:3      | Noticed a spectral ugly thing
  2749 | D:4      | Reached XP level 5. HP: 15/40 MP: 0/0
  2749 | D:4      | Learned a level 2 spell: Searing Ray
  2753 | D:4      | Reached skill level 1 in Shields
  2872 | D:4      | Found Coduhis's Antique Armour Emporium.
  2943 | D:4      | Slain by an iguana

Illustrated notes

Levels and vault maps discovered:
D:1:      dpeg_arrival_erosion, layout_loops_ring, serial_shops,
          nicolae_shop_crystal, shapermc_ecumenical_altar_venn
D:2:      minmay_chambers_of_twos, layout_rooms, kennysheep_generic_room_11
D:3:      layout_rooms, regret_index_temple_of_mockery, evilmike_ruin_ashenzari
D:4:      layout_loops_ring, mainiacjoe_overflow_cross_hatched, serial_shops,
          nicolae_square_shop, nicolae_ossuary_entry_plus, minmay_pentangle

Skill      XL: |  1  2  3  4  5 |
---------------+----------------+-----
Unarmed Combat | 3 |  3.7
Dodging        | 3 |  3.2
Shields        | 1 |  1.0
Fighting       | |  2.9
Throwing       | |  0.7
Armour         | |  1.0
Spellcasting   | |  2.4

Action                   |  1- 3 |  4- 6 || total
-------------------------+-------+-------++-------
Melee: Unarmed           |    84 |    21 ||   105
 Cast: Shock             |    38 |    29 ||    67
       Searing Ray       |       |     2 ||     2
  Use: Scroll            |     1 |     5 ||     6
       Potion            |       |     2 ||     2
Armor: Leather armour    |    22 |     4 ||    26
Dodge: Dodged            |    59 |    12 ||    71
Block: Buckler           |       |     4 ||     4

Table legend: (Time is in decaauts)
 A = Elapsed time spent in this place.
 B = Non-inter-level travel time spent in this place.
 C = Inter-level travel time spent in this place.
 D = Time resting spent in this place.
 E = Time spent auto-exploring this place.
 F = Levels seen in this place.
 G = Mean time per level.
                   A        B        C        D        E       F      G
               +--------+--------+--------+--------+--------+-----+--------+
         Total |   2938 |   2909 |     29 |    589 |   1626 |   4 |  734.5 |
       Dungeon |   2938 |   2909 |     29 |    589 |   1626 |   4 |  734.5 |
               +--------+--------+--------+--------+--------+-----+--------+

Top non-repeatable levels by time:
     D:1: 1167 daAuts
     D:3: 1051 daAuts
     D:2: 492 daAuts
     D:4: 226 daAuts
